 Dungeon Crawl Stone Soup version 0.27.0-1-g7a089689b8 (webtiles) character file.

Game seed: 6334528785598887159

84 Anothat the Shield-Bearer (level 4, -14/41 HPs)
             Began as a Gnoll Fighter on Aug 1, 2021.
             Killed by divine providence
             ... invoked by an orc priest
              (15 damage)
             ... on level 3 of the Dungeon.
             The game lasted 00:01:50 (1528 turns).

Anothat the Shield-Bearer (Gnoll Fighter)           Turns: 1528, Time: 00:01:51

Health: -14/41     AC:  8    Str: 16    XL:     4   Next: 46%
Magic:  5/5        EV:  8    Int:  8    God:
Gold:   118        SH: 10    Dex: 11    Spells: 5/5 levels left

rFire    + . .     SeeInvis .   a - +0 war axe
rCold    . . .     Faith    .   c - +0 kite shield
rNeg     . . .     Spirit   .   e - +1 scale mail {rF+}
rPois    .         Reflect  .   (no helmet)
rElec    .         Harm     .   (no cloak)
rCorr    .         Rampage  .   (no gloves)
Will     .....                  (no boots)
Stlth    ..........             (no amulet)
HPRegen  0.13/turn              (no ring)
MPRegen  0.09/turn              (no ring)

@: mighty
A: fangs 1, strong nose, distributed training
a: no special abilities


You were on level 3 of the Dungeon.
You visited 1 branch of the dungeon, and saw 3 of its levels.

You collected 118 gold pieces.

Inventory:

Hand Weapons
 a - a +0 war axe (weapon)
Armour
 b - a +0 scale mail
 c - a +0 kite shield (worn)
 e - a +1 scale mail of fire resistance (worn)
Wands
 j - a wand of mindburst (13)
Scrolls
 g - a scroll of enchant weapon {unknown}
 i - a scroll of silence {unknown}
 k - a scroll of magic mapping {unknown}
 l - a scroll of fog {unknown}
 m - 2 scrolls of teleportation {unknown}
Potions
 f - a potion of haste {unknown}
 h - a potion of attraction {unknown}


   Skills:
 + Level 6.6 Fighting
 + Level 1.1 Short Blades
 + Level 1.1 Long Blades
 + Level 4.6 Axes
 + Level 1.1 Maces & Flails
 + Level 1.1 Polearms
 + Level 1.1 Staves
 + Level 1.1 Slings
 + Level 1.1 Bows
 + Level 1.1 Crossbows
 + Level 1.1 Throwing
 + Level 6.6 Armour
 + Level 1.1 Dodging
 + Level 1.1 Stealth
 + Level 6.6 Shields
 + Level 1.1 Unarmed Combat
 + Level 1.1 Spellcasting
 + Level 0.9 Conjurations
 + Level 0.9 Hexes
 + Level 0.9 Summonings
 + Level 0.9 Necromancy
 + Level 0.9 Translocations
 + Level 0.9 Transmutations
 + Level 0.9 Fire Magic
 + Level 0.9 Ice Magic
 + Level 0.9 Air Magic
 + Level 0.9 Earth Magic
 + Level 0.9 Poison Magic
 + Level 1.2 Invocations
 + Level 1.1 Evocations


You had 5 spell levels left.
You didn't know any spells.
Your spell library contained the following spells:

 Spells                   Type           Power      Damage    Failure   Level
 Blink                    Tloc           N/A        N/A       98%         2
 Fulminant Prism          Conj/Hex       0%         3d6       100%        4
 Iskenderun's Mystic Bla  Conj/Tloc      1%         2d3       100%        4
 Lee's Rapid Deconstruct  Erth           0%         3d5*      100%        5
 Manifold Assault         Tloc           1%         N/A       100%        5
 Storm Form               Tmut/Air       0%         N/A       100%        7


Dungeon Overview and Level Annotations

Branches:
Dungeon (3/15)

Altars:

Shops:
D:3 [


Innate Abilities, Weirdness & Mutations

You have very sharp teeth.
Your uncanny sense of smell can sniff out nearby items.
Your experience applies equally to all skills.


Message History

You closely miss the goblin.
The goblin is moderately wounded.
Robin roars a battlecry!
The goblin goes into a battle-frenzy!
The goblin hits you but does no damage. The orc wizard casts a spell at you.
The puff of flame hits you. You resist.
You closely miss Robin.
Robin is moderately wounded.
You slash the goblin!
You kill the goblin!
The orc priest looks satisfied for a moment.
Robin barely misses you.
You slash Robin!
You kill Robin!
The orc hits you but does no damage.
You slash the orc!
You kill the orc!
You slash the orc wizard!
The orc wizard hits you with a +0 dagger.
The orc closely misses you.
You barely miss the orc. Your bite misses the orc.
You hit the orc wizard but do no damage.
You block the orc wizard's attack. The orc hits you but does no damage.
The orc wizard hits you but does no damage.
You feel very mighty all of a sudden. The orc hits you but does no damage.
The orc wizard hits you but does no damage.
The orc priest mumbles some strange prayers to Beogh against you.
Beogh smites you!
* * * LOW HITPOINT WARNING * * *
You slice the orc!!
You kill the orc!
You closely miss the orc wizard. The orc wizard casts a spell at you.
The puff of flame misses you.
The puff of flame hits the hobgoblin!
The hobgoblin dies!
The orc priest invokes the aid of Beogh against you.
Beogh smites you!
You die...

# ############ ###
#.......)..# ..#
#..........###
..###..........o.# .
.....####......#@# ...
.....####......#)###.....
................o.>......
...............#.#o|.....
....#........#...........
....#........############
....#.........
....#..........
....#...........


You could see an orc priest, an orc wizard and an orc.

Vanquished Creatures
  Robin (D:3)
  An adder (D:3)
  A worm (D:2)
  A dart slug (D:2)
  2 orcs (D:3)
  4 ball pythons
  2 endoplasms
  A giant cockroach (D:1)
  8 goblins
  10 hobgoblins
  8 jackals
  A quokka (D:1)
  4 bats
  6 frilled lizards
  2 kobolds
  A rat (D:1)
53 creatures vanquished.

Vanquished Creatures (others)
  A hobgoblin (D:3)
1 creature vanquished.

Grand Total: 54 creatures vanquished

Notes
Turn   | Place    | Note
-------+----------+-------------------------------------------
     0 | D:1      | Anothat the Gnoll Fighter began the quest for the Orb.
     0 | D:1      | Reached XP level 1. HP: 23/23 MP: 1/1
   150 | D:1      | Reached XP level 2. HP: 28/29 MP: 2/2
   516 | D:2      | Reached XP level 3. HP: 35/35 MP: 3/3
   816 | D:2      | Reached skill level 1 in Invocations
  1419 | D:3      | Reached skill level 1 in Short Blades
  1419 | D:3      | Reached skill level 1 in Long Blades
  1419 | D:3      | Reached skill level 1 in Maces & Flails
  1419 | D:3      | Reached skill level 1 in Polearms
  1419 | D:3      | Reached skill level 1 in Staves
  1419 | D:3      | Reached skill level 1 in Slings
  1419 | D:3      | Reached skill level 1 in Bows
  1419 | D:3      | Reached skill level 1 in Crossbows
  1419 | D:3      | Reached skill level 1 in Throwing
  1419 | D:3      | Reached skill level 1 in Dodging
  1419 | D:3      | Reached skill level 1 in Stealth
  1419 | D:3      | Reached skill level 1 in Unarmed Combat
  1419 | D:3      | Reached skill level 1 in Spellcasting
  1419 | D:3      | Reached skill level 1 in Evocations
  1419 | D:3      | Reached XP level 4. HP: 32/41 MP: 5/5
  1499 | D:3      | Found Yxeuss's Antique Armour Shoppe.
  1507 | D:3      | Noticed Robin
  1524 | D:3      | Killed Robin
  1527 | D:3      | HP: 1/41 [orc priest/divine providence (13)]
  1528 | D:3      | Killed from afar by an orc priest

Illustrated notes

Levels and vault maps discovered:
D:1:      minmay_arrival_doors, layout_rooms, grunt_decor_mini_mirrors
D:2:      minmay_wonky_spiral, layout_basic, st_stairs_8
D:3:      layout_basic, hellmonk_ecumenical_altar_slurped_away, serial_shops,
          nicolae_shop_crystal, uniq_robin, uniq_natasha, uniq_grinder

Skill      XL: |  1  2  3 |
---------------+----------+-----
Invocations    | 1 |  1.2
Short Blades   | 1 |  1.1
Long Blades    | 1 |  1.1
Maces & Flails | 1 |  1.1
Polearms       | 1 |  1.1
Staves         | 1 |  1.1
Slings         | 1 |  1.1
Bows           | 1 |  1.1
Crossbows      | 1 |  1.1
Throwing       | 1 |  1.1
Dodging        | 1 |  1.1
Stealth        | 1 |  1.1
Unarmed Combat | 1 |  1.1
Spellcasting   | 1 |  1.1
Evocations     | 1 |  1.1
Fighting       | |  6.6
Axes           | |  4.6
Armour         | |  6.6
Shields        | |  6.6
Conjurations   | |  0.9
Hexes          | |  0.9
Summonings     | |  0.9
Necromancy     | |  0.9
Translocations | |  0.9
Transmutations | |  0.9
Fire Magic     | |  0.9
Ice Magic      | |  0.9
Air Magic      | |  0.9
Earth Magic    | |  0.9
Poison Magic   | |  0.9

Action                   |  1- 3 |  4- 6 || total
-------------------------+-------+-------++-------
Melee: War axe           |   121 |    18 ||   139
       Bite              |    13 |     1 ||    14
  Use: Potion            |       |     1 ||     1
Armor: Scale mail        |    55 |    21 ||    76
Dodge: Dodged            |    34 |    11 ||    45
Block: Kite shield       |    78 |    13 ||    91
